IL
LOUISVILLE STALLIONS @ BUFFALO BISONS
08/09/1982
 
TOP OF THE 1ST
Louisville Stallions batting - Pitching for Buffalo Bisons : RHP Rick Ownbey
Pitching: RHP Rick Ownbey
Batting: SHB Harry Chappas 0-0: Ball
1-0: Called Strike
1-1: Foul Ball, location: 2F
1-2: Ground out 4-3 (Groundball, 4, EV 100.6 MPH)
Batting: RHB Stephen Dembowski 0-0: Ground out U3 (Groundball, 3L, EV 81.3 MPH)
Batting: LHB Ted May 0-0: Foul Ball, location: 2F
0-1: Ball
1-1: Ball
2-1: Swinging Strike
2-2: Ball
3-2: Reached on error, E3 (Groundball, 34, EV 110.0 MPH)
Batting: SHB Orestes Destrade 0-0: Ball
1-0: Ball
2-0: SINGLE (Flyball, 8LS, EV 84.4 MPH)
Ted May to second
Runner from 2nd tries for 3rd, SAFE, throw by CF made to third
Batting: SHB Gerald DeSimone 0-0: Called Strike
0-1: Ball
1-1: Called Strike
1-2: Ball
2-2: DOUBLE (Line Drive, 9LM, EV 106.3 MPH)
Ted May scores
Orestes Destrade to third
Batting: LHB Steven Mobberley 0-0: Ball
1-0: Swinging Strike
1-1: Ball
2-1: Ball
Passed Ball!
Orestes Destrade scores
Gerald DeSimone to third
3-1: Called Strike
3-2: Strikes out looking
Top of the 1st over - 2 runs, 2 hits, 1 error, 1 left on base; Louisville 2 - Buffalo 0
BOTTOM OF THE 1ST
Buffalo Bisons batting - Pitching for Louisville Stallions : RHP Sal Velazquez
Pitching: RHP Sal Velazquez
Batting: RHB Juan Villa 0-0: Called Strike
0-1: Foul Ball, location: 2F
0-2: Foul Ball, location: 2F
0-2: Ball
1-2: Ball
2-2: Ball
3-2: Base on Balls
Batting: LHB Phillip Baskerville 0-0: Ball
1-0: Grounds into double play, 4-6-3 (Groundball, 4, EV 90.0 MPH)
Batting: SHB George D Wright 0-0: Called Strike
0-1: Ball
1-1: Foul Ball, location: 2F
1-2: Ball
2-2: Strikes out swinging
Bottom of the 1st over - 0 runs, 0 hits, 0 errors, 0 left on base; Louisville 2 - Buffalo 0
TOP OF THE 2ND
Louisville Stallions batting - Pitching for Buffalo Bisons : RHP Rick Ownbey
Batting: RHB Kelly Heath 0-0: Foul Ball, location: 2F
0-1: Foul Ball, location: 2F
0-2: Ball
1-2: SINGLE (Line Drive, 56D, EV 109.4 MPH)
Batting: LHB John Tucker 0-0: Ball
1-0: Foul Ball, location: 2F
1-1: Ball
2-1: Ball
3-1: Foul Ball, location: 2F
3-2: Foul Ball, location: 2F
3-2: Base on Balls
Kelly Heath to second
Batting: RHB Gordy Hodgson 0-0: Called Strike
0-1: Foul Ball, location: 2F
0-2: Foul Ball, location: 2F
0-2: Ball
1-2: Strikes out swinging
Batting: SHB Harry Chappas 0-0: Ball
1-0: Foul Ball, location: 2F
1-1: TRIPLE (Flyball, 78XD, EV 103.1 MPH)
Kelly Heath scores
John Tucker scores
Batting: RHB Stephen Dembowski 0-0: Fly out, F2 (Popup, 23F, EV 85.6 MPH)
Batting: LHB Ted May 0-0: Foul Ball, location: 2F
0-1: Swinging Strike
0-2: 2-RUN HOME RUN (Flyball, 89XD, EV 108.8 MPH), Distance : 441 ft
Batting: SHB Orestes Destrade 0-0: Called Strike
0-1: Ball
1-1: Foul Ball, location: 2F
1-2: Ball
2-2: Strikes out swinging
Top of the 2nd over - 4 runs, 3 hits, 0 errors, 0 left on base; Louisville 6 - Buffalo 0
BOTTOM OF THE 2ND
Buffalo Bisons batting - Pitching for Louisville Stallions : RHP Sal Velazquez
Batting: LHB Gary Rajsich 0-0: Ground out 6-3 (Groundball, 6, EV 102.5 MPH)
Batting: RHB Bill Bathe 0-0: Ball
1-0: Called Strike
1-1: Ball
2-1: Swinging Strike
2-2: Strikes out looking
Batting: LHB Bob Skube 0-0: Ball
1-0: Ball
2-0: Ball
3-0: Foul Ball, location: 2F
3-1: Fly out, F2 (Popup, 2LF, EV 96.9 MPH)
Bottom of the 2nd over - 0 runs, 0 hits, 0 errors, 0 left on base; Louisville 6 - Buffalo 0
TOP OF THE 3RD
Louisville Stallions batting - Pitching for Buffalo Bisons : RHP Rick Ownbey
Batting: SHB Gerald DeSimone 0-0: Called Strike
0-1: Called Strike
0-2: Foul Ball, location: 2F
0-2: Strikes out looking
Batting: LHB Steven Mobberley 0-0: Foul Ball, location: 2F
0-1: Called Strike
0-2: Ball
1-2: Foul Ball, location: 2F
1-2: Ball
2-2: Foul Ball, location: 2F
2-2: Ball
3-2: Foul Ball, location: 2F
3-2: Fly out, F5 (Flyball, 5D, EV 95.6 MPH)
Batting: RHB Kelly Heath 0-0: Ball
1-0: Ball
2-0: Called Strike
2-1: SINGLE (Groundball, 56, EV 105.0 MPH)
Batting: LHB John Tucker 0-0: Ball
1-0: Ball
2-0: Called Strike
2-1: Foul Ball, location: 2F
2-2: Ground out 4-3 (Groundball, 34, EV 92.5 MPH)
Top of the 3rd over - 0 runs, 1 hit, 0 errors, 1 left on base; Louisville 6 - Buffalo 0
BOTTOM OF THE 3RD
Buffalo Bisons batting - Pitching for Louisville Stallions : RHP Sal Velazquez
Batting: RHB Pat Keedy 0-0: Ball
1-0: Ball
2-0: Ball
3-0: Called Strike
3-1: Called Strike
3-2: Base on Balls
Batting: RHB Carlos Matamoros 0-0: Ball
1-0: Grounds into double play, 6-4-3 (Groundball, 6, EV 81.3 MPH)
Batting: RHB Nicholas Kintz 0-0: Ball
1-0: Called Strike
1-1: Fly out, F6 (Popup, 6M, EV 52.5 MPH)
Bottom of the 3rd over - 0 runs, 0 hits, 0 errors, 0 left on base; Louisville 6 - Buffalo 0
TOP OF THE 4TH
Louisville Stallions batting - Pitching for Buffalo Bisons : RHP Rick Ownbey
Batting: RHB Gordy Hodgson 0-0: Ball
1-0: Foul Ball, location: 2F
1-1: Swinging Strike
1-2: Ball
2-2: Strikes out swinging
Batting: SHB Harry Chappas 0-0: Ball
1-0: Ball
2-0: Swinging Strike
2-1: Ball
3-1: Ground out U3 (Groundball, 3, EV 105.0 MPH)
Batting: RHB Stephen Dembowski 0-0: Swinging Strike
0-1: Ball
1-1: Foul Ball, location: 2F
1-2: Fly out, F3 (Line Drive, 3, EV 64.4 MPH)
Top of the 4th over - 0 runs, 0 hits, 0 errors, 0 left on base; Louisville 6 - Buffalo 0
BOTTOM OF THE 4TH
Buffalo Bisons batting - Pitching for Louisville Stallions : RHP Sal Velazquez
Batting: RHB Juan Villa 0-0: Ground out 6-3 (Groundball, 6D, EV 79.4 MPH)
Batting: LHB Phillip Baskerville 0-0: Called Strike
0-1: Foul Ball, location: 2F
0-2: Ball
1-2: Fly out, F5 (Popup, 5S, EV 69.4 MPH)
Batting: SHB George D Wright 0-0: Foul Ball, location: 2F
0-1: SINGLE (Groundball, 6MS, EV 78.1 MPH) (infield hit)
Batting: LHB Gary Rajsich 0-0: Ball
1-0: Called Strike
George D Wright steals 2nd base
1-1: Fly out, F7 (Flyball, 7D, EV 91.3 MPH)
Bottom of the 4th over - 0 runs, 1 hit, 0 errors, 1 left on base; Louisville 6 - Buffalo 0
TOP OF THE 5TH
Louisville Stallions batting - Pitching for Buffalo Bisons : RHP Rick Ownbey
Batting: LHB Ted May 0-0: Ball
1-0: Foul Ball, location: 2F
1-1: Fly out, F8 (Flyball, 8LXD, EV 103.8 MPH)
Batting: SHB Orestes Destrade 0-0: Ball
1-0: SINGLE (Groundball, 5S, EV 63.1 MPH) (infield hit)
Batting: SHB Gerald DeSimone 0-0: Ball
1-0: Ball
Orestes Destrade is caught stealing 2nd base 2-6
2-0: Ball
3-0: Called Strike
3-1: Foul Ball, location: 2F
3-2: Foul Ball, location: 2F
3-2: Ground out 6-3 (Groundball, 6, EV 85.6 MPH)
Top of the 5th over - 0 runs, 1 hit, 0 errors, 0 left on base; Louisville 6 - Buffalo 0
BOTTOM OF THE 5TH
Buffalo Bisons batting - Pitching for Louisville Stallions : RHP Sal Velazquez
Batting: RHB Bill Bathe 0-0: Ball
1-0: Fly out, F7 (Flyball, 78M, EV 86.9 MPH)
Batting: LHB Bob Skube 0-0: Called Strike
0-1: SINGLE (Line Drive, 89M, EV 110.6 MPH)
Batting: RHB Pat Keedy 0-0: Called Strike
0-1: Called Strike
0-2: Ground out 4-3 (Groundball, 34, EV 107.5 MPH)
Bob Skube to second
Batting: RHB Carlos Matamoros 0-0: Fly out, F9 (Flyball, 89D, EV 87.5 MPH)
Bottom of the 5th over - 0 runs, 1 hit, 0 errors, 1 left on base; Louisville 6 - Buffalo 0
TOP OF THE 6TH
Louisville Stallions batting - Pitching for Buffalo Bisons : RHP Rick Ownbey
Batting: LHB Steven Mobberley 0-0: Ball
1-0: Ball
2-0: Foul Ball, location: 2F
2-1: Ground out U3 (Groundball, 3, EV 85.6 MPH)
Batting: RHB Kelly Heath 0-0: Swinging Strike
0-1: Ball
1-1: Swinging Strike
1-2: Fly out, F8 (Flyball, 8RD, EV 94.4 MPH)
Batting: LHB John Tucker 0-0: Ball
1-0: Swinging Strike
1-1: Fly out, F8 (Line Drive, 8RM, EV 99.4 MPH)
Top of the 6th over - 0 runs, 0 hits, 0 errors, 0 left on base; Louisville 6 - Buffalo 0
BOTTOM OF THE 6TH
Buffalo Bisons batting - Pitching for Louisville Stallions : RHP Sal Velazquez
Batting: RHB Nicholas Kintz 0-0: Ball
1-0: Foul Ball, location: 2F
1-1: Ball
2-1: Called Strike
2-2: Ball
3-2: Fly out, F8 (Flyball, 8LD, EV 98.8 MPH)
Batting: RHB Juan Villa 0-0: Foul Ball, location: 2F
0-1: Ball
1-1: Ball
2-1: Foul Ball, location: 2F
2-2: Ball
3-2: Fly out, F3 (Popup, 34S, EV 75.0 MPH)
Batting: LHB Phillip Baskerville 0-0: Ball
1-0: Ground out 4-3 (Groundball, 4, EV 91.9 MPH)
Bottom of the 6th over - 0 runs, 0 hits, 0 errors, 0 left on base; Louisville 6 - Buffalo 0
TOP OF THE 7TH
Louisville Stallions batting - Pitching for Buffalo Bisons : RHP Rick Ownbey
Pitching: RHP Wade Adamson
Batting: RHB Gordy Hodgson 0-0: Ball
1-0: SINGLE (Line Drive, 4D, EV 94.4 MPH)
Batting: SHB Harry Chappas 0-0: Ball
1-0: SINGLE (Groundball, 6MD, EV 110.6 MPH)
Gordy Hodgson to second
Batting: RHB Stephen Dembowski 0-0: Ball
1-0: Ball
Passed Ball!
Gordy Hodgson to third
Harry Chappas to second
2-0: Called Strike
2-1: 3-RUN HOME RUN (Line Drive, 7LD, EV 104.4 MPH), Distance : 365 ft
Batting: LHB Ted May 0-0: Ball
1-0: Foul Ball, location: 2F
1-1: SINGLE (Flyball, 6D, EV 86.9 MPH)
Pinch Hitting: RHB Tito Landrum 0-0: Ball
1-0: Called Strike
1-1: Swinging Strike
1-2: Fly out, F9 (Line Drive, 9, EV 91.3 MPH)
Batting: SHB Gerald DeSimone 0-0: Called Strike
0-1: Swinging Strike
0-2: Foul Ball, location: 2F
0-2: Foul Ball, location: 2F
0-2: Grounds into double play, 6-4-3 (Groundball, 6, EV 90.6 MPH)
Top of the 7th over - 3 runs, 4 hits, 0 errors, 0 left on base; Louisville 9 - Buffalo 0
BOTTOM OF THE 7TH
Buffalo Bisons batting - Pitching for Louisville Stallions : RHP Sal Velazquez
Now in CF: Tito Landrum
Pinch Hitting: RHB Stephen Chandler 0-0: Called Strike
0-1: Ball
1-1: Ball
2-1: Ball
3-1: Called Strike
3-2: Strikes out swinging
Batting: LHB Gary Rajsich 0-0: Fly out, F9 (Flyball, 89M, EV 88.8 MPH)
Batting: RHB Bill Bathe 0-0: Called Strike
0-1: Called Strike
0-2: Ball
1-2: Ball
2-2: Ball
3-2: Base on Balls
Batting: LHB Bob Skube 0-0: Called Strike
0-1: Ground out 3-1 (Groundball, 34, EV 103.8 MPH)
Bottom of the 7th over - 0 runs, 0 hits, 0 errors, 1 left on base; Louisville 9 - Buffalo 0
TOP OF THE 8TH
Louisville Stallions batting - Pitching for Buffalo Bisons : RHP Wade Adamson
Now in LF: Doe Boyland
Pinch Hitting: RHB Kiko Garcia 0-0: Swinging Strike
0-1: Ball
1-1: Fly out, F9 (Flyball, 9, EV 89.4 MPH)
Pinch Hitting: LHB Joe Lefebvre 0-0: Ground out 6-3 (Groundball, 6, EV 105.0 MPH)
Batting: LHB John Tucker 0-0: Ball
1-0: Fly out, F9 (Line Drive, 9, EV 92.5 MPH)
Top of the 8th over - 0 runs, 0 hits, 0 errors, 0 left on base; Louisville 9 - Buffalo 0
BOTTOM OF THE 8TH
Buffalo Bisons batting - Pitching for Louisville Stallions : RHP Sal Velazquez
Now at 1B: Lawrence Grahek
Now at 3B: Joe Lefebvre
Batting: RHB Pat Keedy 0-0: Ground out 5-3 (Groundball, 56, EV 101.3 MPH)
Batting: RHB Carlos Matamoros 0-0: Ball
1-0: Ball
2-0: Ground out 5-3 (Groundball, 5, EV 108.8 MPH)
Batting: RHB Nicholas Kintz 0-0: Foul Ball, location: 2F
0-1: Ball
1-1: Foul Ball, location: 2F
1-2: DOUBLE (Line Drive, 78XD, EV 103.1 MPH)
Batting: RHB Juan Villa 0-0: Called Strike
0-1: Ball
1-1: SINGLE (Groundball, 4MS, EV 68.1 MPH) (infield hit)
Nicholas Kintz to third
Batting: LHB Phillip Baskerville 0-0: Ball
1-0: Called Strike
1-1: Fly out, F9 (Flyball, 9S, EV 90.6 MPH)
Bottom of the 8th over - 0 runs, 2 hits, 0 errors, 2 left on base; Louisville 9 - Buffalo 0
TOP OF THE 9TH
Louisville Stallions batting - Pitching for Buffalo Bisons : RHP Wade Adamson
Pinch Hitting: SHB Larry Doby 0-0: Called Strike
0-1: Ball
1-1: Foul Ball, location: 2F
1-2: Ball
2-2: Ball
3-2: Foul Ball, location: 2F
3-2: Base on Balls
Batting: SHB Harry Chappas 0-0: Swinging Strike
0-1: Swinging Strike
0-2: Foul Ball, location: 2F
0-2: Ball
1-2: Ball
2-2: Ball
3-2: Foul Ball, location: 2F
3-2: TRIPLE (Flyball, 78XD, EV 108.8 MPH)
Larry Doby scores
Batting: RHB Stephen Dembowski 0-0: Called Strike
0-1: Foul Ball, location: 2F
0-2: Ball
1-2: Foul Ball, location: 2F
1-2: Ball
2-2: Hit by Pitch
Batting: LHB Ted May 0-0: Ball
1-0: Ball
2-0: Ball
3-0: Called Strike
3-1: Base on Balls
Stephen Dembowski to second
Pinch Hitting: LHB Marcus Clark 0-0: Ball
1-0: Called Strike
1-1: Ball
2-1: Ball
3-1: Called Strike
3-2: Strikes out looking
Batting: SHB Gerald DeSimone 0-0: Swinging Strike
0-1: Foul Ball, location: 2F
0-2: Foul Ball, location: 2F
0-2: Foul Ball, location: 2F
0-2: Fly out, F5 (Popup, 56S, EV 81.3 MPH)
Batting: LHB Lawrence Grahek 0-0: Ball
1-0: Ball
2-0: Called Strike
2-1: Foul Ball, location: 2F
2-2: Strikes out swinging
Top of the 9th over - 1 run, 1 hit, 0 errors, 3 left on base; Louisville 10 - Buffalo 0
BOTTOM OF THE 9TH
Buffalo Bisons batting - Pitching for Louisville Stallions : RHP Sal Velazquez
Now in LF: Marcus Clark
Now in CF: Larry Doby
Batting: LHB Doe Boyland 0-0: Ball
1-0: SINGLE (Groundball, 56S, EV 73.1 MPH) (infield hit)
Pinch Hitting: RHB Leopoldo Ortiz 0-0: Ball
1-0: Foul Ball, location: 2F
1-1: Ball
2-1: Ball
3-1: Called Strike
3-2: Fly out, F7 (Flyball, 78D, EV 100.0 MPH)
Batting: RHB Bill Bathe 0-0: Called Strike
0-1: Ball
1-1: Grounds into double play, 4-6-3 (Groundball, 34, EV 96.3 MPH)
Bottom of the 9th over - 0 runs, 1 hit, 0 errors, 0 left on base; Louisville 10 - Buffalo 0
Friday, August 21st, 2020 - OOTP Baseball 21.5 Build 76